 Dungeon Crawl Stone Soup version 0.31.0-1-g2c135a0 (webtiles) character file.

Game seed: 7131619882627980162

32120 IAmTheZeppo the Cleaver (level 13, 0/175 HPs)
             Began as a Minotaur Berserker on Feb 26, 2024.
             Was an Elder of Trog.
             Slain by a worldbinder (4 damage)
             ... on level 1 of the Abyss.
             The game lasted 00:37:50 (15224 turns).

IAmTheZeppo the Cleaver (Minotaur Berserker)       Turns: 15224, Time: 00:37:51

Health: 0/175      AC: 16    Str: 23    XL:     13   Next: 29%
Magic:  12/12      EV: 14    Int:  8    God:    Trog [****..]
Gold:   202        SH: 11    Dex: 14    Spells: 12/12 levels left

rFire   . . .        b - +8 double sword "Ynolaffu" {freeze, *Slow rC+ rCorr Stlth+}
rCold   + . .        y - +0 kite shield
rNeg    . . .        H - +2 plate armour
rPois   .            (helmet unavailable)
rElec   .            o - melded +0 cloak
rCorr   +            i - melded +0 pair of gloves
SInv    .            (boots currently unavailable)
Will    ++...        (no amulet) Stlth
                     r - +5 ring of evasion
HPRegen 1.49/turn    C - +4 ring of slaying
MPRegen 0.13/turn

%: slow self (1%)
@: berserking, beast-form, marked, strong-willed, regenerating, very quick
A: beast (slay +4), horns 3, retaliatory headbutt, thin skeletal structure 1,
clever 1
a: Begin Untransformation, Renounce Religion, Berserk, Trog's Hand, Brothers in
Arms


You were on level 1 of the Abyss.
You worshipped Trog.
Trog was greatly pleased with you.
You were a hulking beast.
You visited 2 branches of the dungeon, and saw 14 of its levels.
You visited the Abyss 1 time.

You collected 811 gold pieces.
You spent 609 gold pieces at shops.

Inventory:

Hand Weapons
 a - a +3 war axe
 b - the +8 double sword "Ynolaffu" (weapon) {freeze, *Slow rC+ rCorr Stlth+}
   (You bought it in a shop on level 2 of the Dungeon)

   rC+:       It protects you from cold.
   rCorr:     It protects you from acid and corrosion.
   *Slow:     It may slow you when you take damage.
   Stlth+:    It makes you more stealthy.
 x - a +5 trident of protection
 B - a +2 heavy battleaxe
 F - a +3 great sword of freezing
 I - the +8 dagger of Cobwebs {heavy, rF+ rN+ Will+}
   (You found it on level 3 of the Dungeon)

   rF+:       It protects you from fire.
   rN+:       It protects you from negative energy.
   Will+:     It increases your willpower.
Missiles
 n - 2 throwing nets
 q - 8 boomerangs (quivered)
 z - 33 poisoned darts
 A - 4 javelins
Armour
 i - a +0 pair of gloves (melded)
 o - a +0 cloak (melded)
 y - a +0 kite shield (worn)
 H - a +2 plate armour (worn)
Jewellery
 r - a +5 ring of evasion (left hand)
 w - a ring of see invisible
 C - a +4 ring of slaying (right hand)
Talismans
 j - a beast talisman (active)
Wands
 f - a wand of roots (18)
 l - a wand of polymorph (2)
 s - a wand of flame (38)
 t - a wand of paralysis (6)
Scrolls
 p - 2 scrolls of poison
 u - 2 scrolls of teleportation
 v - 4 scrolls of blinking
 D - a scroll of enchant armour
Potions
 c - 2 potions of invisibility
 d - a potion of might
 e - 4 potions of lignification
 g - 8 potions of curing
 h - 2 potions of enlightenment
 k - 4 potions of haste
 m - a potion of ambrosia


   Skills:
 * Level 11.9 Fighting
 + Level 6.5(8.2) Short Blades
 + Level 8.2(9.5) Long Blades
 * Level 12.3 Axes
 + Level 0.2 Throwing
 + Level 10.0 Armour
 + Level 7.0 Dodging
 + Level 3.1 Stealth
 + Level 9.4 Shields
 + Level 1.2 Evocations
 * Level 7.0 Shapeshifting


You had 12 spell levels left.
You didn't know any spells.
Your spell library was empty.

Dungeon Overview and Level Annotations

Branches:
Dungeon (11/15)            Temple (0/1) D:7            Lair (3/5) D:9
 Shoals (0/4) Lair:2        Snake (0/4) Lair:3          Orc (0/2) D:9

Altars:
Ashenzari
Cheibriados
Dithmenos
Gozag
Kikubaaqudgha
Okawaru
Qazlal
Ru
Sif Muna
Trog
Uskayaw
Vehumet
Xom
The Shining One

Shops:
D:2 :*([:   D:7 (   D:9 *

Annotations:
D:6 1 runed translucent door, Crazy Yiuf
Lair:3 Sonja


Innate Abilities, Weirdness & Mutations

You are a hulking beast.
Your limbs bulge with bestial killing power. (Slay +4)
You have a pair of large horns on your head.
You reflexively headbutt those who attack you in melee.
You have a somewhat thin skeletal structure. (Dex +2, Stealth+)
Your mind is acute. (Int +4, Str/Dex -1)


Message History

You block the worldbinder's attack. x2
The worldbinder calls forth creatures from the Vaults!
The large abomination hits you!
You slash the large abomination! You freeze the large abomination.
The large abomination is moderately damaged.
The ironbound thunderhulk disappears in a puff of smoke!
The worldbinder barely misses you. The worldbinder closely misses you.
The large abomination misses you.
You hear a bark!
You slash the large abomination! You freeze the large abomination.
The large abomination is severely damaged.
You hear a bark! x3
The worldbinder hits you but does no damage.
The worldbinder barely misses you.
A small abomination comes into view.
A purple very ugly thing comes into view.
The large abomination closely misses you.
The worldbinder hits you but does no damage.
The worldbinder closely misses you.
The purple very ugly thing headbutts you!
The ironbound thunderhulk hits you with a +3 dire flail!!
* * * LOW HITPOINT WARNING * * *
Your skin crawls.
You feel strong-willed.
You block the worldbinder's attack. x2; The large abomination hits you!!
* * * LOW HITPOINT WARNING * * *
A red film seems to cover your vision as you go berserk!
You feel yourself moving faster!
You feel mighty!
The worldbinder hits you but does no damage.
The worldbinder misses you.
You block the ironbound thunderhulk's attack.
The large abomination barely misses you.
The worldbinder hits you but does no damage. x2
You are too injured to fight recklessly!
You are too injured to fight recklessly!
You slice the large abomination!! You freeze the large abomination.
You destroy the large abomination!
Trog accepts your kill. The worldbinder barely misses you.
The worldbinder hits you.
You die...

#.#.. ... #.
.
...~....#..
#
#........#..
..#.##...#
##.##......
.....x...##
##.ux.
#x#O#..
##h## ..
#.u## ..#
#..# .# #.#.
# # #


You could see 2 very ugly things, an ironbound thunderhulk (summoned), a
worldbinder and a small abomination.

Vanquished Creatures
  Harold (D:9)
  Erica (D:9)
  A boulder beetle (D:11)
  A thrashing horror (Abyss:1)
  A large abomination (Abyss:1)
  Pikel (D:7)
  A necromancer (Lair:2)
  3 manticores
  13 elephants
  A cyclops (D:11)
  Joseph (D:9)
  3 black mambas
  7 cane toads
  A kobold demonologist (D:11)
  A rime drake (Lair:2)
  Jeremiah (D:7)
  3 komodo dragons
  Psyche (D:8)
  An ancient zyme (Abyss:1)
  4 trolls
  4 polar bears (Lair:2)
  2 blink frogs (Lair:1)
  3 wraiths
  Sigmund (D:3)
  2 shadows (D:9)
  2 wyverns
  A ynoxinul (D:10)
  30 yaks
  Eustachio (D:6)
  A steam dragon (D:8)
  Grum (D:11)
  3 vampire mosquitoes (D:11)
  2 basilisks
  A naga (Lair:3)
  10 water moccasins
  An acid dragon (D:10)
  An ice beast (D:7)
  3 orc warriors
  4 black bears
  25 wolves
  An ogre (D:7)
  7 centaurs
  2 phantoms (D:5)
  A lemure (D:7)
  2 kobold brigands
  A gnoll sergeant (D:5)
  12 bullfrogs
  10 scorpions
  9 wights
  14 killer bees
  3 electric eels (D:8)
  2 howler monkeys
  A jelly (D:7)
  A hound (D:5)
  2 bombardier beetles
  4 orc priests
  4 iguanas
  Ijyb (D:4)
  3 orc wizards
  6 hell rats (Lair:3)
  5 yak simulacra (Lair:2)
  A polar bear simulacrum (Lair:2)
  2 wolf simulacra (Lair:2)
  11 gnolls (D:5)
  13 adders
  2 white imps
  6 ufetubi
  4 ribbon worms
  A dart slug (D:1)
  23 orcs
  6 bats
  7 endoplasms
  5 giant cockroaches
  4 goblins
  6 hobgoblins
  13 kobolds
  6 quokkas
  6 ball pythons
  3 frilled lizards
  6 rats
  3 river rat simulacra (Lair:2)
364 creatures vanquished.

Vanquished Creatures (collateral kills)
  2 blink frogs (Lair:1)
  A steam dragon (Lair:1)
3 creatures vanquished.

Grand Total: 367 creatures vanquished

Notes
Turn   | Place    | Note
-------+----------+-------------------------------------------
     0 | D:1      | IAmTheZeppo the Minotaur Berserker began the quest for the
                  | Orb.
     0 | D:1      | Reached XP level 1. HP: 19/19 MP: 0/0
   116 | D:1      | Reached skill level 4 in Axes
   151 | D:1      | Reached XP level 2. HP: 22/27 MP: 1/1
  1069 | D:2      | Found Imemmuciti's Assorted Antiques.
  1090 | D:2      | Found Qoupluypn's Antique Armour Boutique.
  1128 | D:2      | Reached XP level 3. HP: 34/34 MP: 2/2
  1227 | D:2      | Found Wiucoahy's Antique Weapon Boutique.
  1238 | D:2      | Found Asmat's Book Emporium.
  1517 | D:2      | Reached ** piety under Trog
  1521 | D:2      | Found Voqikk's Book Emporium.
  1549 | D:2      | Bought an orange potion for 21 gold pieces
  1569 | D:2      | Gained mutation: Your body sometimes deteriorates upon
                  | taking damage. [potion of mutation]
  1569 | D:2      | Gained mutation: You are agile. (Dex +4, Str/Int -1)
                  | [potion of mutation]
  1569 | D:2      | Gained mutation: You have a somewhat thin skeletal
                  | structure. (Dex +2, Stealth+) [potion of mutation]
  1678 | D:2      | Reached XP level 4. HP: 38/41 MP: 3/3
  1953 | D:3      | Identified the +8 dagger of Cobwebs {heavy, rF+ rN+ Will+}
  2013 | D:3      | Found a stormy altar of Qazlal.
  2014 | D:3      | Noticed a water elemental
  2015 | D:3      | Noticed an earth elemental
  2090 | D:3      | Noticed a black bear
  2096 | D:3      | Killed a black bear
  2097 | D:3      | Reached skill level 5 in Fighting
  2097 | D:3      | Reached skill level 5 in Axes
  2097 | D:3      | Reached skill level 1 in Shapeshifting
  2097 | D:3      | Reached XP level 5. HP: 20/48 MP: 4/4
  2240 | D:3      | Noticed Sigmund
  2247 | D:3      | Killed Sigmund
  2248 | D:3      | Reached skill level 1 in Short Blades
  2248 | D:3      | Reached XP level 6. HP: 40/56 MP: 5/5
  2750 | D:3      | Noticed a fire elemental
  2751 | D:3      | Noticed an air elemental
  2796 | D:4      | Noticed Ijyb
  2799 | D:4      | Killed Ijyb
  2802 | D:4      | Reached skill level 1 in Stealth
  2936 | D:4      | Reached XP level 7. HP: 54/61 MP: 6/6
  3093 | D:4      | Reached *** piety under Trog
  3313 | D:4      | Reached skill level 6 in Axes
  3536 | D:5      | Entered Level 5 of the Dungeon
  3536 | D:5      | Found a shadowy altar of Dithmenos.
  3625 | D:5      | Reached skill level 5 in Armour
  3629 | D:5      | Reached XP level 8. HP: 48/70 MP: 7/7
  4235 | D:6      | Found a runed translucent door.
  4236 | D:6      | Noticed Crazy Yiuf
  4523 | D:6      | Noticed Eustachio
  4543 | D:6      | Killed Eustachio
  4544 | D:6      | Reached skill level 7 in Axes
  4797 | D:6      | Reached skill level 1 in Shields
  5005 | D:7      | Reached XP level 9. HP: 75/79 MP: 8/8
  5069 | D:7      | Found Ucocuesch's Antique Weapon Boutique.
  5083 | D:7      | Bought an iridescent mace for 168 gold pieces
  5083 | D:7      | Identified the +1 mace of Defence {heavy, +Blink Int+3}
                  | (You bought it in a shop on level 7 of the Dungeon)
  5099 | D:7      | Noticed a +0 hand axe
  5102 | D:7      | Noticed a +0 dagger
  5104 | D:7      | Found a hide-covered altar of Uskayaw.
  5148 | D:7      | Found a staircase to the Ecumenical Temple.
  5427 | D:7      | Noticed Jeremiah
  5448 | D:7      | Noticed Pikel
  5752 | D:7      | Killed Jeremiah
  5802 | D:7      | Killed Pikel
  5803 | D:7      | Reached skill level 5 in Short Blades
  5803 | D:7      | Reached skill level 8 in Axes
  5803 | D:7      | Reached skill level 5 in Dodging
  5949 | D:7      | Found a snail-covered altar of Cheibriados.
  6196 | D:8      | Reached skill level 1 in Evocations
  6776 | D:8      | Found a glowing golden altar of the Shining One.
  6783 | D:8      | Reached XP level 10. HP: 88/88 MP: 9/9
  6995 | D:8      | Noticed Psyche
  7087 | D:8      | Killed Psyche
  7616 | D:8      | Reached **** piety under Trog
  7617 | D:8      | Reached skill level 5 in Shields
  7735 | D:9      | Found a staircase to the Orcish Mines.
  7736 | D:9      | Noticed Harold
  7747 | D:9      | HP: 1/88 [Harold/+0 trident (22)]
  8016 | D:9      | Noticed Joseph
  8021 | D:9      | Found Hooqum's Lightly-Used Armoury.
  8033 | D:9      | Killed Joseph
  8160 | D:9      | Found an ancient bone altar of Kikubaaqudgha.
  8165 | D:9      | Found a broken altar of Ashenzari.
  8171 | D:9      | Found an opulent altar of Gozag.
  8174 | D:9      | Found a sacrificial altar of Ru.
  8176 | D:9      | Found an iron altar of Okawaru.
  8184 | D:9      | Found a shimmering altar of Xom.
  8184 | D:9      | Noticed Erica
  8191 | D:9      | Killed Harold
  8194 | D:9      | Killed Erica
  8195 | D:9      | Reached skill level 9 in Axes
  8265 | D:9      | Reached skill level 5 in Shapeshifting
  8433 | D:9      | Found a staircase to the Lair.
  8531 | D:9      | Noticed a two-headed ogre
  8837 | D:9      | Reached XP level 11. HP: 89/97 MP: 10/10
  9409 | D:10     | Entered Level 10 of the Dungeon
  9443 | D:10     | Found a bloodstained altar of Trog.
  9504 | D:10     | Found a shimmering blue altar of Sif Muna.
  9560 | D:10     | Lost mutation: Your body sometimes deteriorates upon taking
                  | damage. [potion of mutation]
  9560 | D:10     | Lost mutation: You are agile. (Dex +4, Str/Int -1) [potion
                  | of mutation]
  9560 | D:10     | Gained mutation: Your mind is acute. (Int +4, Str/Dex -1)
                  | [potion of mutation]
  9560 | D:10     | Gained mutation: You have a pair of large horns on your
                  | head. [potion of mutation]
 10004 | D:10     | Found a radiant altar of Vehumet.
 10651 | D:11     | Reached skill level 10 in Axes
 11041 | D:11     | Noticed Grum
 11041 | D:11     | Noticed a boulder beetle
 11063 | D:11     | Killed Grum
 11075 | D:11     | Killed a boulder beetle
 11076 | D:11     | Reached skill level 10 in Fighting
 11403 | D:2      | Bought a transparent double sword for 420 gold pieces
 11403 | D:2      | Identified the +8 double sword "Ynolaffu" {freeze, *Slow
                  | rC+ rCorr Stlth+} (You bought it in a shop on level 2 of
                  | the Dungeon)
 11559 | Lair:1   | Entered Level 1 of the Lair of Beasts
 11689 | Lair:1   | Reached skill level 11 in Axes
 11828 | Lair:1   | Reached skill level 1 in Long Blades
 11985 | Lair:1   | Reached XP level 12. HP: 59/106 MP: 11/11
 13359 | Lair:2   | Reached skill level 5 in Long Blades
 13452 | Lair:2   | Found a staircase to the Shoals.
 14625 | Lair:3   | Reached skill level 12 in Axes
 14636 | Lair:3   | Reached XP level 13. HP: 110/116 MP: 12/12
 14699 | Lair:3   | Found a staircase to the Snake Pit.
 15131 | Lair:3   | Noticed Sonja
 15164 | Abyss:1  | Cast into level 1 of the Abyss (Sonja)
 15185 | Abyss:1  | Reached skill level 10 in Armour
 15217 | Abyss:1  | Noticed an ironbound thunderhulk
 15220 | Abyss:1  | Noticed an ironbound thunderhulk
 15220 | Abyss:1  | Noticed an ironbound thunderhulk
 15220 | Abyss:1  | Noticed a purple very ugly thing
 15221 | Abyss:1  | Noticed a purple very ugly thing
 15222 | Abyss:1  | HP: 1/117 [large abomination (28)]
 15224 | Abyss:1  | Slain by a worldbinder

Illustrated notes

Levels and vault maps discovered:
D:1:      dpeg_arrival_three_bigger_balls, layout_basic
D:2:      layout_basic, serial_shops, nicolae_shop_advertising_works
          [nicolae_subvault_shop_adworks], nicolae_shop_tiny_waterfront, shop,
          shop, nicolae_shop_window_shopping, kennysheep_generic_room_2
D:3:      layout_loops_ring, nicolae_qazlal_style_of_elements, uniq_sigmund
D:4:      layout_rooms, hex_medium, grunt_ministairs_2, bh_walls_and_bars,
          uniq_ijyb
D:5:      layout_cave_pools, lemuel_crystal_altar, nicolae_grassy_gnolls
D:6:      layout_basic, nicolae_letterblocks [nicolae_letter_subblock,
          nicolae_letter_subblock, nicolae_letter_subblock,
          nicolae_letter_subblock, nicolae_letter_subblock,
          nicolae_letter_subblock, nicolae_letter_subblock,
          nicolae_letter_subblock, nicolae_letter_subblock,
          nicolae_letter_subblock, nicolae_letter_subblock,
          nicolae_letter_subblock, nicolae_letter_subblock,
          nicolae_letter_subblock, nicolae_letter_subblock,
          nicolae_letter_subblock, nicolae_letter_subblock,
          nicolae_letter_subblock, nicolae_letter_subblock,
          nicolae_letter_subblock, nicolae_letter_subblock,
          nicolae_letter_subblock, nicolae_letter_subblock,
          nicolae_letter_subblock, nicolae_letter_subblock], uniq_eustachio,
          uniq_crazy_yiuf_cottage
D:7:      layout_basic, dancing_weapons_uskayaw, mainiacjoe_overflow_catwalk,
          minmay_temple_entry_from_below_b, serial_shops,
          nicolae_shop_peninsula, kennysheep_generic_room_15, uniq_pikel,
          uniq_jeremiah
D:8:      layout_gridville, lemuel_round_altar, serial_bayou_lake_a, uniq_psyche
D:9:      layout_loops_ring, nicolae_overflow_hallway_of_the_gods,
          dpeg_oklobed_lair, orc_0_dummy, kennysheep_minor_cross,
          hangedman_glass_teeth, minmay_shop_damaged, kennysheep_island_fort,
          uniq_joseph, uniq_erica, uniq_harold
D:10:     layout_cave_pools, general_overflow_altar,
          nzn_overflow_gifts_of_might_and_magic
D:11:     layout_roguey, grunt_ministairs_10, uniq_grum
Lair:1:   layout_regular_city, serial_rivers, chequers_serial_rivers_small_3,
          chequers_serial_rivers_micro_c, chequers_serial_rivers_room_b,
          chequers_serial_rivers_micro_b, grunt_megastairs_3
Lair:2:   layout_cave_pods, minmay_shoals_entry_beasts, eino_house_with_fridge,
          grunt_megastairs_2
Lair:3:   layout_regular_city, guppyfry_snake_entry_garden, uniq_sonja
Abyss:1:  base:
D:6

Skill      XL: |  1  2  3  4  5  6  7  8  9 10 11 12 13 |
---------------+----------------------------------------+-----
Axes           | 4 5 6 7 8 9 11 12 | 12.3
Fighting       | 4 5 6 7 9 10 11 | 11.9
Armour         | 3 4 5 6 7 8 9 10 | 10.0
Shapeshifting  | 1 2 3 4 5 6 7 |  7.0
Short Blades   | 1 3 4 5 6 |  6.5
Dodging        | 3 4 5 6 7 |  7.0
Stealth        | 1 2 3 |  3.1
Shields        | 1 4 6 7 9 |  9.4
Evocations     | 1 |  1.2
Long Blades    | 2 7 8 |  8.2
Throwing       | |  0.2

Action                     |  1- 3 |  4- 6 |  7- 9 | 10-12 | 13-15 || total
---------------------------+-------+-------+-------+-------+-------++-------
  Melee: Hand axe          |    77 |    19 |       |       |       ||    96
         Headbutt          |    10 |     7 |    51 |    98 |    18 ||   184
         Punch             |     1 |       |     1 |       |       ||     2
         Dagger            |       |    55 |   237 |   132 |       ||   424
         War axe           |       |       |       |    79 |       ||    79
         Double sword      |       |       |       |   201 |    78 ||   279
  Throw: Boomerang         |       |       |       |       |     7 ||     7
 Invoke: Trog's Hand       |       |       |     8 |    10 |     2 ||    20
         Berserk           |       |       |     8 |     8 |     2 ||    18
         Brothers in Arms  |       |       |       |     1 |       ||     1
  Evoke: Wand              |       |       |     3 |       |       ||     3
    Use: Potion            |     7 |       |       |     7 |       ||    14
         Scroll            |     5 |       |    11 |     6 |       ||    22
   Stab: Sleeping          |     1 |     3 |     1 |     2 |       ||     7
         Distracted        |       |       |       |     1 |       ||     1
 Armour: Animal skin       |    17 |       |       |       |       ||    17
         Ring mail         |    23 |    71 |   213 |    80 |       ||   387
         Skin              |     6 |       |       |       |       ||     6
         Plate armour      |       |       |       |   403 |    64 ||   467
  Dodge: Dodged            |    53 |    52 |   159 |   282 |    60 ||   606
  Block: Kite shield       |       |       |   104 |   350 |    49 ||   503
   Form: Beast             |     1 |       |       |     1 |       ||     2
                           |       |     1 |       |       |       ||     1
